 Dungeon Crawl Stone Soup version 0.23.0 (webtiles) character file.

Game seed: 13343161371368598820

3058 inmateoo the Martial Artist (level 9, -8/81 HPs)
             Began as a Gnoll Transmuter on Feb 10, 2019.
             Mangled by a gnoll sergeant
             ... wielding a +1 spear of electrocution
              (18 damage)
             ... on level 6 of the Dungeon.
             The game lasted 00:09:19 (5614 turns).

inmateoo the Martial Artist (Gnoll Transmuter)      Turns: 5614, Time: 00:09:19

Health: -8/81      AC:  6    Str: 13    XL:     9   Next: 87%
Magic:  17/19      EV: 14    Int: 18    God:
Gold:   283        SH:  0    Dex: 16    Spells: 6/21 levels left

rFire    . . .     SeeInvis .     - Unarmed
rCold    + + +     Gourm    .   (shield currently unavailable)
rNeg     . . .     Faith    .   (armour currently unavailable)
rPois    +         Spirit   .   (helmet currently unavailable)
rElec    .         Reflect  .   (cloak currently unavailable)
rCorr    .         Harm     .   (gloves currently unavailable)
MR       .....                  (boots currently unavailable)
Stlth    +++.......             s - amulet of regeneration
HPRegen  0.63/turn              f - ring of protection from fire
MPRegen  0.16/turn              (no ring)

@: ice-form
A: large, distributed training, strong nose
a: End Transformation


You were on level 6 of the Dungeon.
You were not hungry.
You were a creature of crystalline ice.
You visited 1 branch of the dungeon, and saw 6 of its levels.
You also visited: Sewer.

You collected 283 gold pieces.

Inventory:

Hand Weapons
 g - a +2 flail of protection
Missiles
 a - 22 arrows
Armour
 b - a +0 robe (melded)
 c - a +0 buckler (melded)
 i - a +0 chain mail
 j - a +1 pair of gloves (melded)
 A - a +1 hat (melded)
 E - a +0 cloak (melded)
Magical Staves
 p - an uncursed staff of power
Jewellery
 f - a ring of protection from fire (left front paw)
 s - an amulet of regeneration (around neck)
 t - an uncursed ring of fire {unknown}
 w - an uncursed amulet of harm {unknown}
Wands
 h - a wand of clouds (4)
 C - a wand of flame (18)
Scrolls
 m - 4 scrolls of remove curse
 u - 2 scrolls of immolation {unknown}
 y - a scroll of fog {unknown}
 z - a scroll of blinking
 D - a scroll of identify
Potions
 e - a potion of degeneration {unknown}
 k - 4 potions of heal wounds
 l - a potion of flight {unknown}
 n - 10 potions of curing {unknown}
 o - 2 potions of brilliance
 r - a potion of agility
 v - a potion of lignification {unknown}
 x - 2 potions of magic {unknown}
 B - 2 potions of haste {unknown}
Comestibles
 d - 10 rations
 F - 3 chunks of flesh


   Skills:
 + Level 5.3 Fighting
 + Level 4.5 Short Blades
 + Level 4.5 Long Blades
 + Level 4.5 Axes
 + Level 4.5 Maces & Flails
 + Level 4.5 Polearms
 + Level 4.5 Staves
 + Level 4.5 Slings
 + Level 4.5 Bows
 + Level 4.5 Crossbows
 + Level 4.5 Throwing
 + Level 4.5 Armour
 + Level 6.5 Dodging
 + Level 4.5 Stealth
 + Level 4.5 Shields
 + Level 8.1 Unarmed Combat
 + Level 6.8 Spellcasting
 + Level 3.8 Conjurations
 + Level 3.8 Hexes
 + Level 3.8 Charms
 + Level 3.8 Summonings
 + Level 3.8 Necromancy
 + Level 3.8 Translocations
 + Level 5.4 Transmutations
 + Level 3.8 Fire Magic
 + Level 3.8 Ice Magic
 + Level 3.8 Air Magic
 + Level 3.8 Earth Magic
 + Level 3.8 Poison Magic
 + Level 5.0 Invocations
 + Level 4.5 Evocations


You had 6 spell levels left.
You knew the following spells:

 Your Spells              Type           Power        Failure   Level  Hunger
a - Beastly Appendage     Tmut           ####..       1%          1    None
b - Sticks to Snakes      Tmut           ####....     1%          2    None
c - Spider Form           Tmut/Pois      ###.......   4%          3    ##.....
d - Ice Form              Ice/Tmut       ###.....     16%         4    ####...
e - Blade Hands           Tmut           ####......   32%         5    #####..

Your spell library contained the following spells:

 Spells                   Type           Power        Failure   Level  Hunger
 Summon Small Mammal      Summ           ###.         2%          1    None
 Call Imp                 Summ           ###.....     3%          2    None
 Call Canine Familiar     Summ           ###.....     7%          3    ##.....
 Summon Guardian Golem    Hex/Summ       ###.....     7%          3    ##.....
 Summon Ice Beast         Ice/Summ       ###.....     22%         4    ####...
 Summon Lightning Spire   Summ/Air       ###.....     22%         4    ####...


Dungeon Overview and Level Annotations

Branches:
Dungeon (6/15)
 Temple: D:4-7

Altars:
Dithmenos
Elyvilon
Gozag
Sif Muna

Annotations:
D:6 1 transporter


Innate Abilities, Weirdness & Mutations

Your experience applies equally to all skills.
((You have very sharp teeth.))
Your uncanny sense of smell can sniff out nearby items.


Message History

* * * LOW HITPOINT WARNING * * *
You hit the gnoll sergeant but do no damage.
The gnoll sergeant is moderately wounded.
The gnoll sergeant hits you with a +1 spear of electrocution!
* * * LOW HITPOINT WARNING * * *
Unknown command.
You hit the gnoll sergeant but do no damage.
The gnoll sergeant is moderately wounded.
The gnoll sergeant misses you.
Unknown command.
You hit the gnoll sergeant but do no damage.
The gnoll sergeant is moderately wounded.
The gnoll sergeant hits you but does no damage.
Unknown command.
You hit the gnoll sergeant. You freeze the gnoll sergeant.
The gnoll sergeant is moderately wounded.
The gnoll sergeant hits you with a +1 spear of electrocution!
* * * LOW HITPOINT WARNING * * *
You are electrocuted!!
You die...

## #...........................
.## ###...≈≈≈≈≈≈≈≈≈≈≈≈≈≈≈≈≈≈≈≈≈≈
..## #...≈≈≈≈≈≈≈≈≈≈≈≈≈≈≈≈≈≈≈≈≈≈
...#####...≈≈#####...........####
...#.......≈≈#.8.#.###.©.###.#.8.
#..#.###...≈≈#.%.###©#####.###...
#.##.###...≈≈###....)....)..$..##
#....##....≈≈.8#.######'######.#8
#.#..##.##.≈≈.##Y#...#8..#)⌠.#.##
..#........≈≈.#.g)..:#⌠©.)...'..#
##..#...##.≈≈.##.#...#8†.#.⌠P#.##
#.##.####.≈≈.8#.######'######.#8
#.##.####.≈≈###...............##
##.##.##...≈≈#...###.#####.###...
#..)..##...≈≈#g8.#.###.©.###.#.8.
#...####...≈≈#####...........####
#..## #...≈≈≈≈≈≈≈≈≈≈≈...≈≈≈≈≈≈≈≈


You could see a gnoll sergeant.

Vanquished Creatures
  The ghost of Gorice the Fighter, a novice HOWn (D:6)
  Pikel (D:5)
  Grinder (D:5)
  Eustachio (D:4)
  The ghost of Cynry the Bolt Thrower, an amateur FoHu (D:3)
  The ghost of EtherCrawl the Changer, an amateur MfTm (D:4)
  Edmund (D:6)
  An orc warrior (D:5)
  A sky beast (D:6)
  2 big kobolds
  2 gnoll sergeants (D:6)
  Crazy Yiuf (D:6)
  3 hounds
  A jelly (D:6)
  4 orc wizards
  3 centaur skeletons
  A gnoll shaman (D:6)
  2 orc priests (D:6)
  2 iguanas (D:5)
  3 worker ants (D:4)
  A hound zombie (D:4)
  A howler monkey zombie (D:6)
  8 gnolls
  A howler monkey skeleton (D:4)
  12 adders
  3 river rats (Sewer)
  A shadow imp (D:5)
  5 oozes
  2 adder zombies
  3 worms
  10 leopard geckos
  10 orcs
  8 ball pythons
  7 bats
  5 giant cockroaches
  17 goblins
  11 hobgoblins
  22 kobolds
  A quokka (D:6)
  8 frilled lizards
  A giant cockroach zombie (D:5)
  A jackal skeleton (D:6)
  2 quokka skeletons
  26 rats
  A fungus (D:6)
200 creatures vanquished.

Vanquished Creatures (collateral kills)
  A river rat (Sewer)
  4 rats (Sewer)
5 creatures vanquished.

Vanquished Creatures (others)
  An orc (D:5)
  5 plants (D:6)
6 creatures vanquished.

Grand Total: 211 creatures vanquished

Notes
Turn   | Place    | Note
-------+----------+-------------------------------------------
     0 | D:1      | inmateoo the Gnoll Transmuter began the quest for the Orb.
     0 | D:1      | Reached XP level 1. HP: 17/17 MP: 6/6
    31 | D:1      | Reached XP level 2. HP: 15/23 MP: 7/7
   394 | D:1      | Reached XP level 3. HP: 15/28 MP: 9/9
   412 | D:1      | Reached skill level 5 in Spellcasting
   904 | D:2      | Reached skill level 1 in Invocations
   963 | D:2      | Reached skill level 1 in Short Blades
   963 | D:2      | Reached skill level 1 in Long Blades
   963 | D:2      | Reached skill level 1 in Axes
   963 | D:2      | Reached skill level 1 in Maces & Flails
   963 | D:2      | Reached skill level 1 in Polearms
   963 | D:2      | Reached skill level 1 in Staves
   963 | D:2      | Reached skill level 1 in Slings
   963 | D:2      | Reached skill level 1 in Bows
   963 | D:2      | Reached skill level 1 in Crossbows
   963 | D:2      | Reached skill level 1 in Throwing
   963 | D:2      | Reached skill level 1 in Armour
   963 | D:2      | Reached skill level 1 in Stealth
   963 | D:2      | Reached skill level 1 in Shields
   963 | D:2      | Reached skill level 1 in Evocations
  1047 | D:2      | Reached XP level 4. HP: 16/34 MP: 11/11
  1081 | D:2      | Learned a level 2 spell: Sticks to Snakes
  1085 | D:2      | Learned a level 3 spell: Spider Form
  1776 | D:2      | Reached skill level 1 in Conjurations
  1776 | D:2      | Reached skill level 1 in Hexes
  1776 | D:2      | Reached skill level 1 in Charms
  1776 | D:2      | Reached skill level 1 in Summonings
  1776 | D:2      | Reached skill level 1 in Necromancy
  1776 | D:2      | Reached skill level 1 in Translocations
  1776 | D:2      | Reached skill level 1 in Fire Magic
  1776 | D:2      | Reached skill level 1 in Ice Magic
  1776 | D:2      | Reached skill level 1 in Air Magic
  1776 | D:2      | Reached skill level 1 in Earth Magic
  1776 | D:2      | Reached skill level 1 in Poison Magic
  1848 | D:3      | Noticed Cynry's ghost (amateur FoHu)
  1873 | D:3      | Found a runed translucent door.
  2042 | D:3      | Reached XP level 5. HP: 40/40 MP: 12/12
  2089 | D:3      | Found a glowing drain.
  2111 | Sewer    | Entered a sewer
  2251 | Sewer    | Learned a level 4 spell: Ice Form
  2399 | Sewer    | Noticed a big kobold
  2412 | Sewer    | Killed a big kobold
  2412 | Sewer    | Reached XP level 6. HP: 32/47 MP: 9/13
  3381 | D:3      | Killed Cynry's ghost
  3381 | D:3      | Reached skill level 5 in Dodging
  3381 | D:3      | Reached XP level 7. HP: 29/52 MP: 11/15
  3435 | D:4      | Found a runed translucent gate.
  3435 | D:4      | Found a runed translucent gate.
  3435 | D:4      | Found a runed translucent gate.
  3448 | D:4      | Noticed EtherCrawl's ghost (amateur MfTm)
  3462 | D:4      | Killed EtherCrawl's ghost
  3462 | D:4      | Reached skill level 7 in Unarmed Combat
  3473 | D:4      | Noticed Eustachio
  3737 | D:4      | Found a white marble altar of Elyvilon.
  3804 | D:4      | Reached XP level 8. HP: 60/60 MP: 16/16
  4083 | D:4      | Found a shadowy altar of Dithmenos.
  4189 | D:4      | Killed Eustachio
  4368 | D:5      | Entered Level 5 of the Dungeon
  4531 | D:5      | Noticed Pikel
  4551 | D:5      | Killed Pikel
  4628 | D:5      | Learned a level 5 spell: Blade Hands
  4648 | D:5      | Found an opulent altar of Gozag.
  4704 | D:5      | Noticed Grinder
  4729 | D:5      | Reached skill level 5 in Transmutations
  4729 | D:5      | Reached XP level 9. HP: 56/66 MP: 14/18
  4745 | D:5      | Paralysed by Grinder for 2 turns
  4756 | D:5      | Killed Grinder
  4827 | D:5      | Found a deep blue altar of Sif Muna.
  4960 | D:6      | Found a transporter.
  5002 | D:6      | Found a transporter.
  5050 | D:6      | Identified the cursed +0 buckler of Mumblety Peg {rPois rN+
                  | rCorr Str-4}
  5077 | D:6      | Noticed Gorice's ghost (novice HOWn)
  5166 | D:6      | Noticed Edmund
  5195 | D:6      | Killed Edmund
  5205 | D:6      | Reached skill level 5 in Fighting
  5470 | D:6      | Found a runed translucent door.
  5471 | D:6      | Noticed Crazy Yiuf
  5478 | D:6      | Killed Crazy Yiuf
  5561 | D:6      | Killed Gorice's ghost
  5561 | D:6      | Reached skill level 8 in Unarmed Combat
  5580 | D:6      | Reached skill level 5 in Invocations
  5614 | D:6      | Mangled by a gnoll sergeant

Skill      XL: |  1  2  3  4  5  6  7  8  9 |
---------------+----------------------------+-----
Spellcasting   | 5 6 |  6.8
Invocations    | 1 2 3 4 5 |  5.0
Short Blades   | 1 2 3 4 |  4.5
Long Blades    | 1 2 3 4 |  4.5
Axes           | 1 2 3 4 |  4.5
Maces & Flails | 1 2 3 4 |  4.5
Polearms       | 1 2 3 4 |  4.5
Staves         | 1 2 3 4 |  4.5
Slings         | 1 2 3 4 |  4.5
Bows           | 1 2 3 4 |  4.5
Crossbows      | 1 2 3 4 |  4.5
Throwing       | 1 2 3 4 |  4.5
Armour         | 1 2 3 4 |  4.5
Stealth        | 1 2 3 4 |  4.5
Shields        | 1 2 3 4 |  4.5
Evocations     | 1 2 3 4 |  4.5
Conjurations   | 1 2 3 |  3.8
Hexes          | 1 2 3 |  3.8
Charms         | 1 2 3 |  3.8
Summonings     | 1 2 3 |  3.8
Necromancy     | 1 2 3 |  3.8
Translocations | 1 2 3 |  3.8
Fire Magic     | 1 2 3 |  3.8
Ice Magic      | 1 2 3 |  3.8
Air Magic      | 1 2 3 |  3.8
Earth Magic    | 1 2 3 |  3.8
Poison Magic   | 1 2 3 |  3.8
Fighting       | 3 4 5 |  5.3
Transmutations | 4 5 |  5.4
Dodging        | 5 6 |  6.5
Unarmed Combat | 7 8 |  8.1

Action                   |  1- 3 |  4- 6 |  7- 9 || total
-------------------------+-------+-------+-------++-------
Melee: Unarmed           |   120 |   225 |   322 ||   667
       Bite              |    10 |    11 |    14 ||    35
       Headbutt          |     3 |     3 |       ||     6
       Punch             |     2 |     7 |     4 ||    13
       Kick              |       |     6 |       ||     6
 Cast: Beastly Appendage |     2 |     7 |       ||     9
       Spider Form       |       |     5 |     8 ||    13
       Sticks to Snakes  |       |     2 |       ||     2
       Ice Form          |       |     1 |     4 ||     5
 Abil: End Transformatio |       |       |     1 ||     1
Evoke: Wand              |       |       |     1 ||     1
  Use: Scroll            |       |    10 |     1 ||    11
       Potion            |       |       |     3 ||     3
 Stab: Sleeping          |     1 |     6 |     4 ||    11
       Confused          |       |       |     3 ||     3
  Eat: Chunk             |     1 |     7 |     9 ||    17
Armor: Robe              |    19 |    42 |    23 ||    84
       Skin              |       |     3 |    15 ||    18
Dodge: Dodged            |    71 |   201 |   228 ||   500
Block: Buckler           |       |       |    11 ||    11
